Map: [ESL] Inside and Out

Players

Elazer - Winner!

  • Race: Zerg Zerg
  • Spawn Location: 1:00

FightingFrog

  • Race: Protoss Protoss
  • Spawn Location: 7:00

Event: DreamHack SC2 Masters 2022 Valencia

VOD

Have the link to the VOD?

Description

Time

  • Played on: July 1, 2022, 5:21 p.m.
  • Length: 14:11

All games in this series

Show
View Real Time Build Order
Export as new Build Order

Elazer Zerg - Winner!

Build Orders: Hatch First 

Get SALT Encoding   

  12  0:00  Drone  
  13  0:12  Overlord  
  13  0:17  Drone  
  14  0:30  Drone x2  
  16  0:49  Hatchery  
  15  0:51  Drone  
  15  0:55  Drone  
  17  0:59  Drone  
  18  1:09  Extractor  
  17  1:14  Spawning Pool  
  17  1:17  Drone  
  17  1:20  Drone  
  18  1:28  Drone  
  19  1:41  Drone  
  20  1:50  Drone  
  21  2:01  Queen x2, Zergling x2  
  23  2:02  Overlord  
  26  2:12  Drone  
  26  2:13  Drone  
  26  2:15  Metabolic Boost  
  28  2:23  Drone x2  
  30  2:34  Drone x2  
  32  2:41  Queen  
  34  2:44  Hatchery  
  34  2:50  Zergling x2  
  34  2:51  Overlord  
  34  2:58  Drone x2  
  36  3:10  Overlord, Queen  
  36  3:11  Drone x4  
  42  3:19  Queen  
  44  3:26  Spore Crawler  
  44  3:27  Drone  
  44  3:30  Drone  
  44  3:31  Drone  
  44  3:33  Drone  
  47  3:39  Overlord  
  47  3:40  Drone  
  48  3:44  Drone x4  
  52  3:57  Queen  
  52  4:01  Drone x5  
  59  4:06  Queen, Drone x2  
  59  4:08  Overlord  
  63  4:11  Zergling x4  
  63  4:12  Zergling x2  
  66  4:19  Overlord  
  66  4:27  Drone x5  
  66  4:31  Extractor  
  70  4:32  Roach Warren, Drone x4  
  70  4:36  Drone  
  70  4:37  Overlord  
  74  4:39  Drone x3  
  74  4:41  Queen  
  74  4:44  Queen  
  74  4:45  Extractor  
  80  4:48  Drone x2  
  80  4:51  Overlord  
  82  4:54  Evolution Chamber  
  82  4:56  Drone x3  
  83  5:02  Drone x2  
  83  5:04  Overlord  
  84  5:08  Zergling x12  
  84  5:12  Extractor x2, Lair  
  84  5:13  Overlord  
  88  5:18  Roach x2  
  88  5:19  Roach  
  94  5:24  Zerg Missile Weapons Level 1  
  94  5:26  Hatchery  
  93  5:32  Drone x2  
  93  5:33  Drone x4  
  98  5:41  Drone x3  
  100  5:47  Extractor  
  100  5:49  Drone x3  
  102  5:52  Overlord, Drone x2  
  102  5:56  Overlord  
  104  6:01  Drone  
  104  6:02  Drone x3  
  106  6:04  Drone x4  
  109  6:11  Overlord  
  109  6:17  Spore Crawler  
  107  6:19  Drone  
  107  6:20  Evolution Chamber, Drone x2  
  107  6:21  Baneling Nest  
  108  6:26  Roach x6  
  108  6:29  Overseer  
  108  6:31  Overlord  
  120  6:33  Roach x3  
  126  6:40  Zergling x6  
  129  6:47  Zerg Melee Weapons Level 1  
  129  6:48  Overlord  
  129  6:53  Drone x2  
  131  6:54  Drone x3  
  134  7:01  Zergling x8  
  134  7:02  Zergling x10, Hatchery  
  134  7:05  Centrifugal Hooks  
  141  7:10  Zergling x6  
  141  7:13  Overlord  
  143  7:19  Zergling x22  
  151  7:25  Zergling x4  
  151  7:28  Zerg Missile Weapons Level 2  
  153  7:32  Overlord  
  153  7:36  Baneling x14  
  153  7:40  Baneling x11  
  153  7:42  Roach x3  
  153  7:43  Overlord x2, Ravager  
  153  7:44  Overlord  
  160  7:58  Hatchery  
  160  8:00  Glial Reconstitution  
  159  8:07  Roach x15  
  159  8:10  Baneling x19  
  189  8:14  Infestation Pit  
  189  8:15  Overlord, Extractor  
  189  8:17  Zergling x10  
  191  8:23  Zergling x12  
  196  8:33  Zergling x14  
  195  8:37  Zergling x10  
  199  9:01  Baneling x6  
  199  9:02  Baneling x27  
  199  9:09  Extractor  
  198  9:11  Spore Crawler, Drone x2  
  198  9:14  Hive  
  198  9:15  Spine Crawler  
  198  9:18  Drone  
  191  9:40  Zergling x22  
  199  9:45  Baneling  
  199  9:46  Baneling x21  
  199  10:03  Spine Crawler x2  
  199  10:04  Spine Crawler  
  199  10:05  Spine Crawler  
  195  10:09  Spine Crawler  
  195  10:10  Spine Crawler  
  195  10:11  Spine Crawler  
  195  10:12  Spine Crawler, Zerg Melee Weapons Level 2, Zerg Ground Armor Level 1  
  195  10:13  Spine Crawler  
  190  10:22  Zergling x18  
  190  10:24  Overseer  
  190  10:25  Pneumatized Carapace  
  198  10:49  Baneling x39  
  191  10:50  Zergling x2  
  191  10:51  Zergling x14  
  169  11:15  Roach  
  169  11:16  Roach x12  
  166  11:23  Zergling x2  
  166  11:24  Zergling x22  
  170  11:29  Zergling x16  
  171  11:36  Zergling x8  
  170  11:44  Roach x3  
  170  11:51  Zergling x14  
  170  11:53  Overlord x2  
  170  11:54  Overlord  
  171  12:01  Adrenal Glands  
  171  12:08  Baneling x11  
  171  12:09  Baneling x15  
  171  12:15  Drone  
  171  12:16  Drone x15  
  171  12:17  Viper  
  190  12:31  Viper  
  190  12:34  Overlord  
  193  12:43  Spine Crawler  
  192  12:45  Viper  
  192  12:48  Spore Crawler  
  194  12:53  Zergling x10  
  194  12:55  Baneling x19  
  199  13:12  Overseer x2  
  199  13:27  Zergling x8  
Show
View Real Time Build Order
Export as new Build Order

FightingFrog Protoss 

Build Orders: 1 Gate Expand, Oracle Opening 

Get SALT Encoding   

  12  0:00  Probe  
  13  0:12  Probe  
  14  0:17  Pylon  
  14  0:24  Probe (Chrono Boost)  
  15  0:36  Probe (Chrono Boost)  
  15  0:38  Gateway  
  16  0:44  Probe (Chrono Boost)  
  16  0:46  Assimilator  
  17  0:50  Probe  
  18  1:03  Probe  
  19  1:15  Probe  
  20  1:24  Nexus  
  20  1:27  Probe  
  21  1:38  Cybernetics Core  
  21  1:42  Probe  
  21  1:46  Assimilator  
  22  1:53  Pylon  
  22  1:55  Probe  
  23  2:11  Probe (Chrono Boost)  
  23  2:13  Adept (Chrono Boost)  
  24  2:15  Stargate  
  24  2:21  Probe (Chrono Boost)  
  27  2:24  Warp Gate  
  27  2:29  Probe  
  27  2:33  Adept (Chrono Boost)  
  27  2:36  Probe  
  31  2:42  Probe  
  32  2:48  Probe  
  33  2:54  Probe, Cybernetics Core  
  34  3:00  Probe, Oracle (Chrono Boost)  
  38  3:06  Probe  
  40  3:12  Probe  
  40  3:18  Probe  
  41  3:21  Nexus  
  41  3:25  Pylon  
  41  3:26  Probe  
  42  3:30  Probe  
  43  3:36  Gateway  
  43  3:38  Probe  
  43  3:41  Oracle (Chrono Boost)  
  44  3:43  Probe  
  48  3:49  Assimilator  
  48  3:55  Forge  
  48  3:56  Twilight Council  
  48  3:59  Probe  
  48  4:01  Probe  
  50  4:04  Assimilator  
  50  4:10  Pylon  
  50  4:11  Probe  
  50  4:13  Probe  
  52  4:22  Gateway  
  52  4:23  Probe  
  53  4:25  Probe  
  54  4:33  Stalker  
  54  4:34  Stalker, Probe  
  54  4:35  Probe  
  54  4:37  Probe  
  61  4:39  Blink (Chrono Boost)  
  61  4:42  Protoss Ground Weapons Level 1  
  61  4:46  Probe  
  61  4:47  Probe  
  61  4:49  Probe  
  64  4:54  Shield Battery  
  64  4:58  Probe  
  64  4:59  Probe  
  66  5:02  Probe  
  66  5:06  Stalker x2  
  70  5:11  Probe  
  70  5:12  Probe  
  70  5:14  Probe  
  73  5:16  Assimilator  
  73  5:18  Pylon  
  73  5:21  Assimilator  
  73  5:23  Probe  
  73  5:24  Probe  
  73  5:26  Probe  
  73  5:27  Pylon  
  76  5:32  Robotics Facility  
  76  5:35  Probe  
  75  5:36  Probe  
  75  5:38  Probe  
  77  5:47  Probe  
  77  5:48  Probe  
  79  5:50  Pylon, Probe  
  79  5:55  Stalker x3  
  86  5:59  Probe  
  86  6:00  Probe  
  86  6:02  Probe  
  87  6:11  Probe  
  87  6:12  Probe  
  87  6:14  Probe  
  90  6:23  Probe  
  90  6:24  Nexus  
  91  6:26  Pylon, Probe  
  91  6:28  Photon Cannon, Robotics Bay  
  92  6:38  Probe, Robotics Facility  
  93  6:40  Robotics Facility  
  93  6:43  Robotics Facility  
  93  6:45  Pylon, Probe  
  93  6:47  Photon Cannon  
  93  6:49  Photon Cannon  
  93  6:51  Pylon  
  93  6:52  Observer (Chrono Boost)  
  94  6:57  Pylon  
  94  6:58  Pylon  
  94  7:05  Pylon  
  91  7:11  Probe  
  92  7:16  Probe  
  92  7:19  Pylon  
  92  7:20  Protoss Ground Weapons Level 2 (Chrono Boost)  
  92  7:22  Extended Thermal Lance  
  93  7:23  Colossus (Chrono Boost)  
  93  7:25  Colossus (Chrono Boost)  
  93  7:26  Colossus (Chrono Boost)  
  93  7:28  Colossus (Chrono Boost)  
  111  7:34  Probe x3  
  120  7:42  Photon Cannon  
  120  7:43  Shield Battery  
  120  7:46  Probe x2  
  120  7:47  Oracle  
  125  7:53  Pylon  
  125  7:58  Photon Cannon  
  125  8:00  Gateway  
  125  8:02  Gateway  
  125  8:03  Assimilator  
  125  8:07  Twilight Council, Assimilator  
  125  8:09  Templar Archives  
  137  8:25  Colossus x2 (Chrono Boost)  
  125  8:36  Colossus x2 (Chrono Boost)  
  137  8:45  Pylon  
  137  8:46  Pylon  
  137  8:48  Pylon  
  137  8:55  Pylon  
  137  9:07  Nexus  
  137  9:08  High Templar  
  137  9:09  High Templar x3  
  145  9:16  Archon x2  
  145  9:24  Pylon  
  143  9:33  Stalker  
  143  9:42  Pylon  
  143  9:44  Warp Prism (Chrono Boost)  
  143  9:45  Stalker x4, Pylon  
  147  9:47  Photon Cannon  
  147  9:50  Shield Battery  
  159  9:53  Pylon  
  159  9:55  Pylon  
  159  9:57  Pylon  
  159  9:59  Disruptor x2 (Chrono Boost)  
  159  10:01  Gateway  
  159  10:03  Photon Cannon  
  159  10:09  Gateway  
  159  10:10  Gateway  
  159  10:11  Observer (Chrono Boost)  
  159  10:12  Gateway  
  160  10:15  High Templar x2  
  160  10:16  Stalker x2  
  160  10:19  Archon  
  160  10:20  Stalker  
  170  10:27  Gateway  
  170  10:42  Stalker x2  
  174  10:50  Stalker x3  
  180  11:06  Stalker x3  
  180  11:10  Probe  
  169  11:17  Stalker x4  
  116  11:38  Stalker x4  
  114  11:40  Probe  
  86  11:49  Nexus  
  73  12:04  Disruptor x2 (Chrono Boost), Stargate  
  73  12:07  Stargate  
  82  12:09  Stargate  
  82  12:13  Disruptor (Chrono Boost)  
  84  12:17  Void Ray (Chrono Boost)  
  84  12:24  Pylon  
  80  12:51  Void Ray x2 (Chrono Boost)  
  88  12:55  Void Ray (Chrono Boost)  
  88  12:56  Void Ray (Chrono Boost)  
  96  13:06  Gateway  
  96  13:08  Gateway  
  96  13:18  Observer  
  96  13:24  Void Ray x2 (Chrono Boost)  
  105  13:28  Void Ray (Chrono Boost)  
  105  13:33  Void Ray (Chrono Boost)  
  109  13:37  Pylon  

Tags
 
Add a new tag
Caveats
  • Supply blocks, unpowered buildings, or Contaminate may cause inaccurate times.
  • Supply counts are checked every 10 seconds.